 Dungeon Crawl Stone Soup version 0.27-a0-679-g77a6b55cf3 (webtiles) character file.

Game seed: 2626906628470426995

11 feelmyfire the Skirmisher (level 2, -3/24 HPs)
             Began as a Demonspawn Abyssal Knight on Mar 18, 2021.
             Was an Initiate of Lugonu.
             Slain by a hobgoblin
             ... wielding a +0 club
              (4 damage)
             ... on level 1 of the Dungeon.
             The game lasted 00:00:26 (696 turns).

feelmyfire the Skirmisher (DsAK)                     Turns: 696, Time: 00:00:27

Health: -3/24      AC:  3    Str: 12    XL:     2   Next: 13%
Magic:  4/4        EV: 11    Int: 15    God:    Lugonu [......]
Gold:   27         SH:  0    Dex: 12    Spells: 1/1 levels left

rFire    . . .     SeeInvis .   a - +1 hand axe
rCold    . . .     Faith    .   (no shield)
rNeg     . . .     Spirit   .   b - +0 leather armour
rPois    .         Reflect  .   (no helmet)
rElec    .         Harm     .   (no cloak)
rCorr    .         Rampage  .   (no gloves)
Will     .....                  (no boots)
Stlth    +.........             (no amulet)
HPRegen  0.08/turn              (no ring)
MPRegen  0.09/turn              (no ring)

@: no status effects
A: big brain 1
a: Renounce Religion


You were on level 1 of the Dungeon.
You worshipped Lugonu.
Lugonu was noncommittal.
You visited 1 branch of the dungeon, and saw 1 of its levels.
You visited the Abyss 1 time.

You collected 27 gold pieces.

Inventory:

Hand Weapons
 a - a +1 hand axe (weapon)
Armour
 b - a +0 leather armour (worn)


   Skills:
 - Level 3.0 Fighting
 * Level 2.3 Axes
 - Level 1.7 Armour
 - Level 0.8 Dodging
 + Level 2.9 Invocations


You had one spell level left.
You didn't know any spells.
Your spell library was empty.

Dungeon Overview and Level Annotations

Branches:
Dungeon (1/15)

Altars:


Innate Abilities, Weirdness & Mutations

You have an unusually large brain. (Int +2)


Message History

Your brain expands.
You regained 6 hp, and now have 23/24 hp.
MP restored: 4 The dart slug closely misses you.
Health restored: 24 You hit the dart slug.
The dart slug barely misses you.
You hit the dart slug.
The dart slug bites you but does no damage.
You hit the dart slug.
You kill the dart slug!
Lugonu accepts your kill.
You see here a dart slug corpse.
No target in view!
No target in view!
A hobgoblin comes into view. It is wielding a +0 club.
The hobgoblin shouts!
A hobgoblin is nearby!
The hobgoblin misses you.
You hit the hobgoblin but do no damage. The hobgoblin hits you with a +0 club.
You take 5 damage, and have 19/24 hp.
MASSIVE DAMAGE!!
You barely miss the hobgoblin. The hobgoblin hits you with a +0 club.
You take 6 damage, and have 13/24 hp.
MASSIVE DAMAGE!!
You closely miss the hobgoblin. The hobgoblin hits you with a +0 club.
The hobgoblin barely misses you.
You take 1 damage, and have 12/24 hp.
Unknown command.
You hit the hobgoblin but do no damage. The hobgoblin hits you with a +0 club.
You take 3 damage, and have 9/24 hp.
You barely miss the hobgoblin. The hobgoblin hits you with a +0 club.
You take 1 damage, and have 8/24 hp.
You completely miss the hobgoblin. The hobgoblin hits you with a +0 club.
* * * LOW HITPOINT WARNING * * *
You take 4 damage, and have 4/24 hp.
You hit the hobgoblin. The hobgoblin hits you with a +0 club.
* * * LOW HITPOINT WARNING * * *
You take 3 damage, and have 1/24 hp.
You hit the hobgoblin but do no damage. The hobgoblin hits you with a +0 club.
You die...

..........#.###.##....#.#
............# #.##....#.#
....####...## #.........#
.........#..# ####.##..##
........###......#.##.##
....###.########.#.##.#####
...........# #.#.#...†..#
.##.###.......##g#.#†####.#
.##.# ##########@....#
.##.# #.....## ###.#
#..?###....... #.# #.##
#.#####. #.. #. ..# ##. .
..# . . ..## .. #⌠


You could see a hobgoblin.

Vanquished Creatures
  A dart slug (D:1)
  A goblin (D:1)
  A hobgoblin (D:1)
  A ball python (D:1)
  A bat (D:1)
  A frilled lizard (D:1)
  2 kobolds (D:1)
  2 rats (D:1)
10 creatures vanquished.

Notes
Turn   | Place    | Note
-------+----------+-------------------------------------------
     0 | Abyss:1  | feelmyfire the Demonspawn Abyssal Knight began the quest
                  | for the Orb.
     0 | Abyss:1  | Reached XP level 1. HP: 18/18 MP: 2/2
   114 | Abyss:1  | Noticed a tentacled starspawn
   114 | Abyss:1  | Noticed a wretched star
   114 | Abyss:1  | Noticed a ynoxinul
   115 | D:1      | Escaped the Abyss
   338 | D:1      | Reached * piety under Lugonu
   677 | D:1      | Gained mutation: You have an unusually large brain. (Int
                  | +2) [demonic ancestry]
   677 | D:1      | Reached XP level 2. HP: 23/24 MP: 4/4
   695 | D:1      | HP: 1/24 [hobgoblin/+0 club (3)]
   696 | D:1      | Slain by a hobgoblin

Illustrated notes

Levels and vault maps discovered:
D:1:      dpeg_arrival_round_a, layout_rooms, evilmike_ruin_ashenzari

Skill      XL: |  1 |
---------------+----+-----
Axes           | 2 |  2.3
Fighting       | |  3.0
Armour         | |  1.7
Dodging        | |  0.8
Invocations    | |  2.9

Action                   || total
-------------------------++-------
Melee: Hand axe          ||    38
Invok: Depart the Abyss  ||     1
Armor: Leather armour    ||    10
Dodge: Dodged            ||    25

Table legend: (Time is in decaauts)
 A = Elapsed time spent in this place.
 B = Non-inter-level travel time spent in this place.
 C = Inter-level travel time spent in this place.
 D = Time resting spent in this place.
 E = Time spent auto-exploring this place.
 F = Levels seen in this place.
 G = Mean time per level.
                   A        B        C        D        E       F      G
               +--------+--------+--------+--------+--------+-----+--------+
         Total |    704 |    704 |      0 |    317 |    296 |   2 |  352.0 |
       Dungeon |    588 |    588 |      0 |    317 |    182 |   1 |  588.0 |
         Abyss |    115 |    115 |      0 |      0 |    114 |   1 |  115.0 |
               +--------+--------+--------+--------+--------+-----+--------+

Top non-repeatable levels by time:
     D:1: 588 daAuts
 Abyss:1: 115 daAuts
